 Dungeon Crawl Stone Soup version 0.31.0-11-ge490571c62 (webtiles) character file.

Game seed: 2670262197346688310

1632 Flugkiller the Grappler (level 8, 74/74 HPs)
             Began as a Troll Fighter on Jan 30, 2024.
             Quit the game on level 6 of the Dungeon.
             The game lasted 00:06:10 (1526 turns).

Flugkiller the Grappler (Troll Fighter)             Turns: 1526, Time: 00:06:10

Health: 74/74      AC:  4    Str: 27    XL:     8   Next: 66%
Magic:  7/7        EV:  9    Int:  4    God:
Gold:   13         SH:  7    Dex:  9    Spells: 7/7 levels left

rFire   . .          .
                       - Unarmed
rCold   . . .        b - +0 kite shield
rNeg    . . .        a - +0 robe
rPois   .            (helmet restricted)
rElec   .            (no cloak)
rCorr   .            (gloves unavailable)
SInv    +            (boots unavailable)
Will    .....        (no amulet)
Stlth   +            i - ring of see invisible
HPRegen 1.12/turn    (no ring)
MPRegen 0.10/turn

%: no passive effects
@: no status effects
A: large, unfitting armour, claws 3, regeneration 1, shaggy fur 1, tough skin 1
a: no special abilities


You were on level 6 of the Dungeon.
You visited 1 branch of the dungeon, and saw 6 of its levels.
You also visited: Sewer and Ossuary.

You collected 13 gold pieces.

Inventory:

Missiles
 o - 4 boomerangs (quivered)
Armour
 a - a +0 robe (worn)
 b - a +0 kite shield (worn)
Jewellery
 h - a ring of wizardry
   (You found it on level 6 of the Dungeon)
 i - a ring of see invisible (left claw)
   (You found it on level 5 of the Dungeon)
Scrolls
 c - a scroll of poison
 k - a scroll of brand weapon
 m - a scroll of enchant weapon
 t - a scroll of teleportation
Potions
 d - a potion of might
 e - a potion of mutation
 f - a potion of attraction
 g - a potion of cancellation
 j - a potion of lignification
 l - a potion of enlightenment {unknown}
 n - a potion of invisibility {unknown}
 q - 3 potions of curing


   Skills:
 - Level 2.4 Fighting
 - Level 2.4 Dodging
 - Level 2.6 Shields
 + Level 11.2 Unarmed Combat


You had 7 spell levels left.
You didn't know any spells.
Your spell library was empty.

Dungeon Overview and Level Annotations

Branches:
Dungeon (6/15) Zot: 26801   Sewer (visited)         Ossuary (visited)
 Temple: D:4-7

Altars:
Ashenzari
Dithmenos
Qazlal
Uskayaw

Shops:
D:6 :[(


Innate Abilities, Weirdness & Mutations

You are too large for most types of armour.
You have claws for hands.
Your natural rate of healing is unusually fast.
You are covered in fur. (AC +1)
You have tough skin. (AC +1)


Message History

The shadow imp is heavily wounded.
The shadow imp hits you.
You closely miss the shadow imp.
The shadow imp is heavily wounded.
The shadow imp gestures at you.
You struggle to resist.
You scratch the shadow imp.
You kill the shadow imp!
Found 7 stones.
Found a dagger.
Found 15 gold pieces.
A jelly comes into view.
Found 2 stones.
The jelly quivers.
A howler monkey comes into view.
The howler monkey howls!
The jelly hits you.
You are splashed with acid!
You claw the jelly!
Your claws burn!
The jelly is severely wounded.
An orc comes into view. It is wielding a +0 dagger.
The jelly completely misses you.
The orc shouts!
You claw the jelly!
You kill the jelly!
You block the howler monkey's attack.
The howler monkey hoots and howls with incredible vigour!
You hear a shout!
You hear a loud, deep croak!
You hear a shout!
You closely miss the howler monkey. You block the howler monkey's attack.
You closely miss the howler monkey. The howler monkey hits you.
You mangle the howler monkey!!
You kill the howler monkey!
The orc hits you but does no damage.
You see here a howler monkey corpse.
You closely miss the orc. You block the orc's attack.
You scratch the orc.
The orc is moderately wounded.
The orc hits you with a +0 dagger.
You mangle the orc!!
You kill the orc!
Things that are here:
a +0 dagger; an orc corpse
Found a scroll labelled WUIRHOL SAULU.
A bullfrog comes into view.
The bullfrog croaks.
Found a hand axe.
The bullfrog hits you.
Found a broken altar of Ashenzari.
The bullfrog attacks as it pursues you! You block the bullfrog's attack. x2
You closely miss the bullfrog.
The bullfrog hits you but does no damage.
You mangle the bullfrog!!
The bullfrog is almost dead.
The bullfrog hits you but does no damage.
You closely miss the bullfrog.
The bullfrog is almost dead.
The bullfrog hits you.
The bullfrog hits you but does no damage.
You scratch the bullfrog.
You kill the bullfrog!
Your Unarmed Combat skill increases to level 11!
No target in view!
No target in view!
An orc comes into view. It is wielding a +0 hand axe.
Found a scroll of identify.
You see here a +0 hand axe.
An ogre comes into view. It is wielding a +0 giant spiked club.
The ogre shouts!
The ogre closely misses you.
You mangle the ogre!!
The ogre is severely wounded.
You mangle the ogre!!
You kill the ogre!
Found a blackened opal ring.
Found a stone staircase leading up.
The orc attacks as it pursues you! The orc hits you with a +0 hand axe!
You see here a scroll of identify.
As you read the scroll of identify, it crumbles to dust.
f - a potion of attraction You block the orc's attack.
You closely miss the orc. You mangle the orc!!
You kill the orc!
No target in view!
Found a trident.
Found 15 gold pieces.
h - a ring of wizardry
Okay, then.
You see here a +0 trident.
There is a stone staircase leading up here.
You climb upwards.
There is a stone staircase leading down here.
You climb downwards.
There is a stone staircase leading up here.
Things that are here:
16 gold pieces; a +0 hand axe; an orc corpse You see here a +0 giant spiked club.
Found 10 gold pieces.
Found 4 boomerangs.
You see here 10 gold pieces.
o - 4 boomerangs Are you sure you want to abandon this character and quit the game? (Confirm with "yes".)

#.......# #.......#
#.......#
##.....############
#........$.........
#.......#####....##
#.......# ######.
#.......# #. #.@....##
#. #.#...## ###.
#...### #... #..## #..#
#..# #.†# #####..##
##########..# #.......#
#.....(.....# #.......#
#............
#.......###...........#


There were no monsters in sight!

Vanquished Creatures
  2 water moccasins
  A black bear (D:5)
  2 ogres
  A bullfrog (D:6)
  6 scorpions (Ossuary)
  2 howler monkeys
  3 centaur zombies (Ossuary)
  An orc priest (D:5)
  A human zombie (Ossuary)
  A jelly (D:6)
  2 sleepcaps (D:5)
  7 scorpion zombies (Ossuary)
  An orc wizard (D:5)
  3 mummies (Ossuary)
  4 gnolls (D:4)
  7 adders
  3 river rats (D:5)
  A shadow imp (D:6)
  A white imp (D:4)
  An adder zombie (Ossuary)
  3 ribbon worms
  3 orcs
  2 endoplasms
  2 goblins (D:4)
  2 hobgoblins
  3 jackals (D:3)
  2 kobolds
  4 quokkas
  6 ball pythons
  4 ball python zombies (Ossuary)
  3 bats
  A frilled lizard (D:2)
  2 jackal zombies (Ossuary)
  2 orc zombies (Ossuary)
  2 rats
91 creatures vanquished.

Notes
Turn   | Place    | Note
-------+----------+-------------------------------------------
     0 | D:1      | Flugkiller the Troll Fighter began the quest for the Orb.
     0 | D:1      | Reached XP level 1. HP: 22/22 MP: 0/0
    20 | D:2      | Reached XP level 2. HP: 25/29 MP: 1/1
    32 | D:2      | Identified the +0 buckler "Otwajisch" {rPois rF+ Str-3
                  | Int+3}
    56 | D:2      | Reached skill level 3 in Unarmed Combat
    80 | D:2      | Reached XP level 3. HP: 36/36 MP: 2/2
   298 | D:4      | Reached skill level 4 in Unarmed Combat
   322 | D:4      | Found a sand-covered staircase.
   326 | Ossuary  | Entered an ossuary
   333 | Ossuary  | Noticed a scorpion
   339 | Ossuary  | Killed a scorpion
   340 | Ossuary  | Reached XP level 4. HP: 26/44 MP: 3/3
   344 | Ossuary  | Reached skill level 5 in Unarmed Combat
   347 | Ossuary  | Reached XP level 5. HP: 16/50 MP: 4/4
   376 | Ossuary  | Reached skill level 6 in Unarmed Combat
   383 | Ossuary  | Reached XP level 6. HP: 32/59 MP: 5/5
   424 | Ossuary  | Reached skill level 7 in Unarmed Combat
   489 | Ossuary  | Reached XP level 7. HP: 60/66 MP: 6/6
   516 | Ossuary  | Reached skill level 8 in Unarmed Combat
   735 | D:5      | Entered Level 5 of the Dungeon
   804 | D:5      | Reached skill level 9 in Unarmed Combat
   812 | D:5      | Found a stormy altar of Qazlal.
   884 | D:5      | Reached XP level 8. HP: 49/74 MP: 7/7
   924 | D:4      | Found a shadowy altar of Dithmenos.
  1033 | D:5      | Reached skill level 10 in Unarmed Combat
  1176 | D:5      | Found a glowing drain.
  1183 | Sewer    | Entered a sewer
  1280 | D:5      | Found a hide-covered altar of Uskayaw.
  1326 | D:6      | Found Dalineta's Book Boutique.
  1326 | D:6      | Found Nexoyn's Antique Armour Boutique.
  1326 | D:6      | Found Awna's Antique Weapon Boutique.
  1427 | D:6      | Found a broken altar of Ashenzari.
  1432 | D:6      | Reached skill level 11 in Unarmed Combat
  1526 | D:6      | Quit the game

Illustrated notes

Levels and vault maps discovered:
D:1:      dpeg_arrival_connections, layout_basic, serial_shops,
          nicolae_shop_peninsula, shop, shop, minmay_liquid_box
D:2:      layout_basic
D:3:      layout_loops_ring, mainiacjoe_overflow_24_doors,
          nicolae_wu_jian_immortal_techniques, minmay_between
D:4:      layout_basic, grunt_dithmenos_smoke_and_mirrors, enter_ossuary_5,
          grunt_ministairs_14, minmay_misc_feat_roman
D:5:      layout_loops_cross, mainiacjoe_overflow_alcove_2,
          mainiacjoe_overflow_small_starburst, general_overflow_altar,
          lightli_sewer_entry_pipes, serial_library_hellmonk_semicircle
D:6:      layout_rooms, nicolae_overflow_crystal_walls, dk_noncrumbling_4,
          nicolae_shop_distant_corner_stores, kennysheep_generic_room_14

Skill      XL: |  1  2  3  4  5  6  7  8 |
---------------+-------------------------+-----
Unarmed Combat | 3 4 5 6 7 9 11 | 11.2
Fighting       | |  2.4
Dodging        | |  2.4
Shields        | |  2.6

Action                     |  1- 3 |  4- 6 |  7- 9 || total
---------------------------+-------+-------+-------++-------
  Melee: Unarmed           |    58 |    65 |   156 ||   279
    Use: Scroll            |       |       |    15 ||    15
         Potion            |       |       |     1 ||     1
   Stab: Sleeping          |     1 |       |       ||     1
 Armour: Robe              |    49 |    51 |   113 ||   213
  Dodge: Dodged            |    34 |    15 |    65 ||   114
  Block: Kite shield       |    34 |    14 |    45 ||    93
